 Dungeon Crawl Stone Soup version 0.27.1-1-g398f81649c (webtiles) character file.

Game seed: 5175327722168268280

2098 Borgoz the Carver (level 9, -2/81 HPs)
             Began as a Minotaur Berserker on Sept 19, 2021.
             Was a Priest of Trog.
             Slain by an orc warrior (4 damage)
             ... on level 6 of the Dungeon.
             The game lasted 00:07:08 (6085 turns).

Borgoz the Carver (Minotaur Berserker)              Turns: 6085, Time: 00:07:09

Health: -2/81      AC:  9    Str: 22    XL:     9   Next: 7%
Magic:  8/8        EV: 12    Int:  4    God:    Trog [***...]
Gold:   590        SH:  5    Dex: 13    Spells: 8/8 levels left

rFire    + . .     SeeInvis .   a - +0 falchion
rCold    . . .     Faith    .   (no shield)
rNeg     + . .     Spirit   .   e - +0 scale mail
rPois    .         Reflect  +   (helmet restricted)
rElec    .         Harm     .   b - +0 cloak
rCorr    .         Rampage  .   (no gloves)
Will     ++...                  (no boots)
Stlth    ..........             d - amulet of reflection
HPRegen  1.23/turn              c - ring of positive energy
MPRegen  0.11/turn              j - ring of protection from fire

@: lethally poisoned (-2 -> -2), strong-willed, on berserk cooldown,
regenerating, slowed, very slow
A: horns 2, retaliatory headbutt
a: Renounce Religion, Berserk, Trog's Hand


You were on level 6 of the Dungeon.
You worshipped Trog.
Trog was most pleased with you.
You visited 1 branch of the dungeon, and saw 6 of its levels.
You also visited: Ossuary.

You collected 590 gold pieces.

Inventory:

Hand Weapons
 a - a +0 falchion (weapon)
Armour
 b - a +0 cloak (worn)
 e - a +0 scale mail (worn)
Jewellery
 c - a ring of positive energy (left hand)
 d - an amulet of reflection (around neck)
 j - a ring of protection from fire (right hand)
Wands
 k - a wand of iceblast (10)
Scrolls
 i - a scroll of fear
 l - a scroll of brand weapon
Potions
 m - a potion of flight


   Skills:
 + Level 8.0 Fighting
 + Level 8.1 Long Blades
 + Level 7.5 Armour
 + Level 6.8 Dodging


You had 8 spell levels left.
You didn't know any spells.
Your spell library was empty.

Dungeon Overview and Level Annotations

Branches:
Dungeon (6/15)            Ossuary (visited)
 Temple: D:4-7

Altars:
Ashenzari
Qazlal
Sif Muna
Vehumet
Yredelemnul

Shops:
D:3 :


Innate Abilities, Weirdness & Mutations

You have a pair of horns on your head.
You reflexively headbutt those who attack you in melee.


Message History

The orc warrior hits you with a +0 dire flail.
* * * LOW HITPOINT WARNING * * *
The water moccasin barely misses you.
You riposte.
You slash the water moccasin!
You kill the water moccasin!
Trog accepts your kill.
Your Fighting skill increases to level 8!
You feel sick.
You hit the orc warrior.
The orc warrior is lightly wounded.
You feel sick.
A white imp comes into view.
You hit the orc warrior but do no damage.
Your headbutt misses the orc warrior.
The orc warrior is lightly wounded.
You feel the effects of Trog's Hand fading.
You feel sick.
The orc warrior hits you with a +0 dire flail.
* * * LOW HITPOINT WARNING * * *
You are too berserk!
You feel sick.
You feel a strong urge to attack something.
You feel sick.
You feel sick.
You feel your anger nearly subside.
You are no longer berserk.
You are exhausted.
You feel yourself slow down.
You feel sick.
The kobold brigand throws a poisoned dart.
The poisoned dart closely misses you.
As you read the scroll of fear, it crumbles to dust.
You assume a fearsome visage.
The kobold brigand looks frightened!
You feel sick.
Okay, then.
Your skin crawls.
You feel strong-willed.
You feel sick. The orc warrior closely misses you.
You riposte.
You hit the orc warrior but do no damage.
The orc warrior is lightly wounded.
The orc warrior hits you with a +0 dire flail.
You die...

#=### ..#... .. #... !.
#.##.. #. ..# ..# #.##..
#.###.#.###..#
#.##...#.....#......# .
#.##......#h.......# .P
#.##..###.#.###....##..
###.###.##...oh.#.†..........
.......<....@#...S.5.........
#######.##...#.###.....#.$...
######..#...#..........##
....................#..#
######.##..###......#..##
########
#.##...........##..## .
#......#
#.##......########..##.
#......#
#.#....................
#..<...#
#.....#############..##


You could see an orc warrior and a black bear.

Vanquished Creatures
  An unseen horror (D:6)
  Menkaure (D:4)
  Edmund (D:4)
  3 water moccasins
  2 ogres
  2 necrophages
  A bullfrog (D:6)
  A scorpion (D:4)
  A water moccasin skeleton (D:4)
  A human zombie (Ossuary)
  2 bullfrog zombies
  A bullfrog skeleton (D:6)
  A gnoll shaman (D:5)
  2 orc priests
  Crazy Yiuf (D:4)
  2 jellies (D:4)
  Jessica (D:3)
  4 orc wizards
  2 iguanas (D:5)
  2 hound skeletons
  A hound zombie (D:5)
  2 mummies (Ossuary)
  8 gnolls
  6 adders
  A worm (D:3)
  2 dart slugs
  13 orcs
  6 ball pythons
  8 endoplasms
  7 giant cockroaches
  6 goblins
  7 hobgoblins
  4 jackals (D:1)
  5 kobolds
  3 quokkas
  7 bats
  7 frilled lizards
  2 gnoll zombies (Ossuary)
  4 goblin zombies (Ossuary)
  6 hobgoblin zombies (Ossuary)
  An orc zombie (Ossuary)
  A rat (D:1)
139 creatures vanquished.

Notes
Turn   | Place    | Note
-------+----------+-------------------------------------------
     0 | D:1      | Borgoz the Minotaur Berserker began the quest for the Orb.
     0 | D:1      | Reached XP level 1. HP: 19/19 MP: 0/0
   116 | D:1      | Reached XP level 2. HP: 25/27 MP: 1/1
   428 | D:1      | Reached ** piety under Trog
  1003 | D:2      | Reached XP level 3. HP: 33/33 MP: 2/2
  1464 | D:2      | Reached XP level 4. HP: 40/40 MP: 3/3
  1475 | D:2      | Found a faded altar of an unknown god.
  1766 | D:3      | Noticed Jessica
  1774 | D:3      | Killed Jessica
  1831 | D:3      | Reached XP level 5. HP: 44/47 MP: 4/4
  2060 | D:3      | Found a shimmering blue altar of Sif Muna.
  2121 | D:3      | Reached *** piety under Trog
  2401 | D:3      | Found Xicat's Book Shoppe.
  2580 | D:4      | Found a sand-covered staircase.
  2709 | D:4      | Reached skill level 5 in Long Blades
  2770 | D:4      | Noticed Menkaure
  2776 | D:4      | Noticed an ogre
  2777 | D:4      | Killed Menkaure
  2778 | D:4      | Reached skill level 5 in Fighting
  2778 | D:4      | Reached XP level 6. HP: 44/56 MP: 5/5
  2802 | D:4      | Found a basalt altar of Yredelemnul.
  2899 | D:4      | Reached skill level 5 in Armour
  2899 | D:4      | Reached XP level 7. HP: 57/62 MP: 6/6
  3099 | D:4      | Noticed Edmund
  3110 | D:4      | Killed Edmund
  3171 | Ossuary  | Entered an ossuary
  3466 | D:4      | Reached skill level 5 in Dodging
  3688 | D:4      | Found a runed translucent door.
  3689 | D:4      | Noticed Crazy Yiuf
  3747 | D:4      | Found a stormy altar of Qazlal.
  3870 | D:4      | Killed Crazy Yiuf
  3951 | D:5      | Entered Level 5 of the Dungeon
  4241 | D:5      | Found a radiant altar of Vehumet.
  4251 | D:5      | Found a broken altar of Ashenzari.
  4286 | D:5      | Reached XP level 8. HP: 49/71 MP: 7/7
  5512 | D:6      | Reached **** piety under Trog
  5718 | D:6      | Killed an unseen horror
  6013 | D:6      | Reached XP level 9. HP: 73/81 MP: 8/8
  6077 | D:6      | HP: 5/121 [poisoned by a water moccasin]
  6082 | D:6      | HP: 3/121 [poisoned by a water moccasin]
  6083 | D:6      | HP: 1/81 [poisoned by a water moccasin]
  6085 | D:6      | Slain by an orc warrior

Illustrated notes

Levels and vault maps discovered:
D:1:      dpeg_arrival_tiny_c, layout_loops_ring, minmay_misc_feat_alley,
          minmay_misc_feat_rows, minivault_4
D:2:      layout_loops_cross, basic_ecumenical_altar
D:3:      minmay_inner_zag, layout_loops_cross,
          mainiacjoe_overflow_concentric_impassable, serial_shops,
          nicolae_shop_window_shopping, uniq_jessica
D:4:      layout_basic, mainiacjoe_overflow_catwalk, grunt_qazlal_clouds,
          nicolae_ossuary_entry_false_entrances, uniq_crazy_yiuf_cottage,
          uniq_menkaure, uniq_edmund
D:5:      layout_basic, amethyst_overflow_temple_binary,
          minmay_fractal_squares_diagonal_5
D:6:      hangedman_cross_stitches, layout_rooms, overflow_temple_1_default,
          minmay_temple_entry_overgrown, uniq_eustachio

Skill      XL: |  1  2  3  4  5  6  7  8  9 |
---------------+----------------------------+-----
Long Blades    | 4 5 6 8 |  8.1
Fighting       | 4 5 6 7 8 |  8.0
Armour         | 3 4 5 6 7 |  7.5
Dodging        | 3 4 5 6 |  6.8

Action                   |  1- 3 |  4- 6 |  7- 9 || total
-------------------------+-------+-------+-------++-------
Melee: Falchion          |    67 |    93 |   214 ||   374
       Headbutt          |    11 |    21 |    51 ||    83
Invok: Berserk           |     1 |     2 |     5 ||     8
       Trog's Hand       |       |     1 |     6 ||     7
  Use: Scroll            |       |     6 |     6 ||    12
       Potion            |       |       |     5 ||     5
 Stab: Sleeping          |     1 |       |       ||     1
Armor: Animal skin       |     8 |       |       ||     8
       Scale mail        |     8 |    34 |    74 ||   116
       Skin              |       |       |    48 ||    48
Dodge: Dodged            |    55 |    46 |   116 ||   217
Block: Other             |       |       |     4 ||     4
       Rpst.: Falchion   |    14 |    11 |    27 ||    52
